[Event "ICC tourney 1983 (45 10)"]
[Site "Internet Chess Club"]
[Date "2020.08.29"]
[Round "5"]
[White "ybabji"]
[Black "tcao"]
[Result "1/2-1/2"]
[ICCResult "Game drawn by mutual agreement"]
[WhiteElo "1752"]
[BlackElo "1854"]
[Opening "French: exchange variation"]
[ECO "C01"]
[NIC "FR.01"]
[Time "21:01:46"]
[TimeControl "2700+10"]

1. e4 e6 2. d4 d5 3. exd5 exd5 4. Nc3 Nf6 5. Bf4 Bb4 6. Bd3 O-O 7. Ne2 c5 8.
dxc5 Bxc5 9. O-O Re8 10. Bg5 Bg4 11. h3 Bh5 12. Bxf6 Qxf6 13. g4 Bg6 14.
Bxg6 hxg6 15. Qxd5 Bb6 16. Qxb7 Nc6 17. Nd5 Qd6 18. Nxb6 axb6 19. Nc3 Rab8
20. Qa6 Ne5 21. Qe2 Qc6 22. f4 Nc4 23. Qf3 {Game drawn by mutual agreement}
1/2-1/2

[Event "ICC tourney 1983 (45 10)"]
[Site "Internet Chess Club"]
[Date "2020.08.29"]
[Round "5"]
[White "buckleyoh"]
[Black "chesslin"]
[Result "0-1"]
[ICCResult "White resigns"]
[WhiteElo "1459"]
[BlackElo "1943"]
[Opening "Robatsch (modern) defense"]
[ECO "B06"]
[NIC "KF.05"]
[Time "21:02:12"]
[TimeControl "2700+10"]

1. e4 g6 2. d4 Bg7 3. Nc3 d6 4. Be3 a6 5. Qd2 b5 6. O-O-O Nd7 7. f3 Nb6 8.
b3 c6 9. h4 h5 10. Nge2 Nf6 11. e5 Nfd5 12. exd6 Qxd6 13. Nb1 Nxe3 14. Qxe3
Nd5 15. Qd2 Bh6 16. f4 Nxf4 17. Qa5 Nxe2+ 18. Kb2 Ng3 19. Rh2 Bg4 20. Re1
Nxf1 21. Rxf1 Qxh2 22. Qc7 Qxc7 {White resigns} 0-1

[Event "ICC tourney 1983 (45 10)"]
[Site "Internet Chess Club"]
[Date "2020.08.29"]
[Round "5"]
[White "goodcrowdchess"]
[Black "clair"]
[Result "1-0"]
[ICCResult "Black checkmated"]
[WhiteElo "1648"]
[BlackElo "1689"]
[Opening "Scandinavian: Pytel-Wade variation"]
[ECO "B01"]
[NIC "SD.02"]
[Time "21:01:43"]
[TimeControl "2700+10"]

1. e4 d5 2. exd5 Qxd5 3. Nc3 Qd6 4. d4 g6 5. Nf3 Nf6 6. Bc4 Bg7 7. O-O O-O
8. Be3 a6 9. a4 Nc6 10. Qd2 Bg4 11. Ng5 Rad8 12. f3 Bc8 13. Rad1 e6 14. Nge4
Nxe4 15. Nxe4 Qb4 16. Qxb4 Nxb4 17. c3 Nd5 18. Bf2 c6 19. a5 Bh6 20. Rfe1 f5
21. Nc5 Ne3 22. Bxe3 Bxe3+ 23. Rxe3 Rfe8 24. Nxe6 Bxe6 25. Rxe6 Rxe6 26.
Bxe6+ Kg7 27. Kf2 Rd6 28. Bc8 c5 29. Bxb7 cxd4 30. Rxd4 Re6 31. Rc4 Re7 32.
Bxa6 Ra7 33. Rc6 f4 34. b4 g5 35. Rb6 Ra8 36. Bd3 h6 37. a6 Rc8 38. c4 Re8
39. Rg6+ Kf7 40. a7 Re3 41. Rd6 Re8 42. Be4 Ke7 43. Rb6 Rb8 44. axb8=Q g4
45. Qd6+ Kf7 46. Bg6+ Kg7 47. Qf6+ Kg8 48. Rb8# {Black checkmated} 1-0

[Event "ICC tourney 1983 (45 10)"]
[Site "Internet Chess Club"]
[Date "2020.08.29"]
[Round "5"]
[White "michaelxiao"]
[Black "lmperfectFocus"]
[Result "1-0"]
[ICCResult "Black checkmated"]
[WhiteElo "1379"]
[BlackElo "1567"]
[Opening "English opening"]
[ECO "A20"]
[NIC "EO.24"]
[Time "21:01:43"]
[TimeControl "2700+10"]

1. c4 e5 2. g3 c6 3. Bg2 Bd6 4. Nc3 Bc7 5. Nf3 Nf6 6. d4 exd4 7. Nxd4 d5 8.
cxd5 cxd5 9. Bg5 Be6 10. Bxf6 Qxf6 11. Ndb5 Ba5 12. b4 Bb6 13. O-O a6 14.
Nxd5 Bxd5 15. Qxd5 O-O 16. Qxb7 Ra7 17. Nxa7 Bxf2+ 18. Kh1 Qb2 19. Rab1 Qxe2
20. Rbc1 Qe3 21. Rc8 Qxa7 22. Rxf8+ Kxf8 23. Qc8+ Ke7 24. Qf5 Be3 25. Qxf7+
Kd8 26. Qd5+ Nd7 27. Rf8+ Ke7 28. Qf7+ Kd6 29. Re8 Qd4 30. Re6+ Kc7 31. Rc6+
Kb8 32. Qe8+ Ka7 33. Rc7+ Kb6 34. Rb7# {Black checkmated} 1-0

[Event "ICC tourney 1983 (45 10)"]
[Site "Internet Chess Club"]
[Date "2020.08.29"]
[Round "5"]
[White "AJ2000"]
[Black "marinaxiao"]
[Result "1-0"]
[ICCResult "Black resigns"]
[WhiteElo "1725"]
[BlackElo "1396"]
[Opening "Sicilian: Pelikan, Chelyabinsk variation"]
[ECO "B33"]
[NIC "SI.37"]
[Time "21:01:55"]
[TimeControl "2700+10"]

1. e4 c5 2. Nf3 Nc6 3. d4 cxd4 4. Nxd4 Nf6 5. Nc3 e5 6. Ndb5 d6 7. Bg5 a6 8.
Na3 b5 9. Nd5 Be7 10. Bxf6 Bxf6 11. c4 b4 12. Nc2 a5 13. Be2 O-O 14. O-O Bg5
15. Qd3 Ne7 16. Rad1 Ba6 17. b3 Nxd5 18. Qxd5 Be7 19. Ne3 Bc8 20. Qxa8 Qb6
21. Qd5 Bb7 22. Qd3 Qd8 23. Nf5 Re8 24. f3 Qb6+ 25. Kh1 Bf8 26. Qe3 Qxe3 27.
Nxe3 f6 28. Nf5 Rd8 29. Rd2 Kf7 30. Rfd1 Ke6 31. Nxd6 Rxd6 32. Kg1 Rxd2 33.
Rxd2 Bc5+ 34. Kf1 Be7 35. g3 Kf7 36. Rd7 Bc6 37. Ra7 Ke6 38. Rxa5 Bd8 39.
Ra7 Bd7 40. c5 f5 41. exf5+ Ke7 {Black resigns} 1-0

[Event "ICC tourney 1983 (45 10)"]
[Site "Internet Chess Club"]
[Date "2020.08.29"]
[Round "5"]
[White "CoastalJourney"]
[Black "Natey"]
[Result "0-1"]
[ICCResult "White resigns"]
[WhiteElo "1507"]
[BlackElo "1675"]
[Opening "Grünfeld: modern exchange variation"]
[ECO "D85"]
[NIC "GI.04"]
[Time "21:02:08"]
[TimeControl "2700+10"]

1. d4 Nf6 2. c4 g6 3. Nc3 d5 4. cxd5 Nxd5 5. e4 Nxc3 6. bxc3 Bg7 7. Nf3 c5
8. Be3 O-O 9. Be2 Nc6 10. O-O Bg4 11. d5 Bxf3 12. Bxf3 Ne5 13. Bxc5 Qc7 14.
Bd4 Rad8 15. Be2 e6 16. dxe6 Nc6 17. exf7+ Rxf7 18. Bc4 Nxd4 19. Bxf7+ Qxf7
20. cxd4 Bxd4 21. Qb3 Bxa1 22. Qxf7+ Kxf7 23. Rxa1 Rd2 24. f3 Ke6 25. Rb1 b6
26. a4 Ra2 27. Rb4 Kd6 28. Rd4+ Kc5 29. Rd7 Rxa4 30. e5 Kc6 31. Rxh7 Kd5 32.
f4 Rxf4 33. Rxa7 Kxe5 34. Rb7 Rf6 35. g3 Kd5 36. Kg2 Kc6 37. Ra7 Kc5 38. h4
b5 39. g4 b4 40. Rc7+ Kb6 41. Rc2 Kb5 42. Kg3 b3 43. Rb2 Kb4 44. g5 Re6 45.
Rd2 Kc3 46. Rd7 Rc6 47. Rb7 b2 48. h5 gxh5 49. Rxb2 Kxb2 50. Kh4 Kc3 51.
Kxh5 Kd4 52. g6 Ke5 53. g7 Rc8 54. Kh6 Kf6 55. Kh7 Kf7 {White resigns} 0-1

[Event "ICC tourney 1983 (45 10)"]
[Site "Internet Chess Club"]
[Date "2020.08.29"]
[Round "5"]
[White "whyyoutrysohard"]
[Black "karuto2006"]
[Result "1-0"]
[ICCResult "Black checkmated"]
[WhiteElo "1627"]
[BlackElo "1748"]
[Opening "Neo-Grünfeld defense"]
[ECO "D70"]
[NIC "KI.80"]
[Time "21:01:48"]
[TimeControl "2700+10"]

1. d4 Nf6 2. c4 g6 3. Nf3 d5 4. g3 b6 5. cxd5 Nxd5 6. Bg2 Bb7 7. Ne5 Bg7 8.
Qa4+ c6 9. e4 Nf6 10. Be3 O-O 11. Nc3 Qc7 12. Rc1 Nbd7 13. Nxd7 Qxd7 14. h3
Rfd8 15. O-O a6 16. f4 b5 17. Qd1 Rac8 18. Bf2 Nh5 19. Ne2 Qe6 20. Qb3 Qxb3
21. axb3 Nf6 22. Nc3 Nd7 23. e5 Nb6 24. Ne4 Nd7 25. Nc5 Nxc5 26. Rxc5 Rc7
27. d5 Rdc8 28. dxc6 Ba8 29. Rfc1 e6 30. R5c2 Bf8 31. Bb6 Re7 32. Rd1 Kg7
33. c7 Bxg2 34. Kxg2 f6 35. exf6+ Kxf6 36. Rd8 Re8 37. Rxe8 Rxe8 38. c8=Q
Rxc8 39. Rxc8 Be7 40. Bd8 Bxd8 41. Rxd8 e5 42. fxe5+ Kxe5 43. Ra8 Kd5 44.
Rxa6 Kc5 45. Ra8 Kb4 46. Rb8 Kc5 47. Rb7 Kb4 48. Rxh7 Kxb3 49. Rb7 b4 50.
Kf3 Kc4 51. Kg4 Kb3 52. Kg5 Kc4 53. Kxg6 Kb3 54. h4 Kc4 55. h5 Kb3 56. h6
Kxb2 57. Rxb4+ Kc2 58. Rf4 Kc3 59. h7 Kb3 60. h8=Q Kc2 61. Rc4+ Kb3 62. Qc3+
Ka2 63. Ra4+ Kb1 64. Ra1# {Black checkmated} 1-0

[Event "ICC tourney 1983 (45 10)"]
[Site "Internet Chess Club"]
[Date "2020.08.29"]
[Round "5"]
[White "Leolix"]
[Black "Mapking1"]
[Result "1-0"]
[ICCResult "Black checkmated"]
[WhiteElo "1953"]
[BlackElo "1637"]
[Opening "Queen's pawn: London system"]
[ECO "A45"]
[NIC "QP.07"]
[Time "21:01:37"]
[TimeControl "2700+10"]

1. d4 Nf6 2. Bf4 g6 3. Nc3 d5 4. e3 Bg7 5. h4 c5 6. dxc5 Qa5 7. Qd2 Qxc5 8.
O-O-O O-O 9. f3 Nc6 10. Nxd5 Nxd5 11. Qxd5 Qxd5 12. Rxd5 Be6 13. Rd1 Bxa2
14. Bd3 Rac8 15. Ne2 Nb4 16. c3 Bb3 17. Rd2 Rfd8 18. Bb1 Nd5 19. Bc2 Nxf4
20. Nxf4 Rxd2 21. Kxd2 Rd8+ 22. Kc1 Bxc2 23. Kxc2 b5 24. Ra1 Rd7 25. Ra6 Bh6
26. g4 e5 27. Nh5 gxh5 28. Rxh6 hxg4 29. fxg4 Kg7 30. Ra6 f6 31. Kb3 Kg6 32.
g5 Kh5 33. gxf6 Kxh4 34. Kb4 h5 35. Kxb5 Kg3 36. Kc6 Rf7 37. Kd5 h4 38. Kxe5
h3 39. Ke6 h2 40. Ra1 Rf8 41. f7 Rb8 42. Kf6 Rxb2 43. f8=Q Rf2+ 44. Kg7 Rxf8
45. Kxf8 Kg2 46. e4 h1=R 47. Rxh1 Kxh1 48. e5 a5 49. e6 a4 50. e7 a3 51.
e8=Q a2 52. Qe1+ Kh2 53. Qd2+ Kh1 54. Qxa2 Kg1 55. c4 Kh1 56. c5 Kg1 57. c6
Kh1 58. c7 Kg1 59. c8=Q Kf1 60. Qc1# {Black checkmated} 1-0

[Event "ICC tourney 1983 (45 10)"]
[Site "Internet Chess Club"]
[Date "2020.08.29"]
[Round "5"]
[White "pawnpush202044"]
[Black "PerpetualForce"]
[Result "1-0"]
[ICCResult "Black resigns"]
[WhiteElo "1869"]
[BlackElo "1570"]
[Opening "English: symmetrical, main line with d4"]
[ECO "A39"]
[NIC "EO.26"]
[Time "21:01:33"]
[TimeControl "2700+10"]

1. c4 c5 2. Nc3 Nc6 3. Nf3 Nf6 4. g3 g6 5. Bg2 Bg7 6. O-O O-O 7. d4 cxd4 8.
Nxd4 Nxd4 9. Qxd4 d6 10. Qd3 Bf5 11. e4 Be6 12. b3 Bd7 13. Bb2 Rb8 14. Rad1
a6 15. Rfe1 Bc6 16. Qe2 Qa5 17. a3 Qc7 18. Nd5 Bxd5 19. cxd5 Qb6 20. b4 a5
21. Bd4 Qd8 22. Qb2 Nh5 23. e5 dxe5 24. Bxe5 Bxe5 25. Qxe5 axb4 26. axb4 Re8
27. Bh3 Qd6 28. b5 Qxe5 29. Rxe5 Nf6 30. Rde1 Kf8 31. Rc1 Red8 32. Bg2 Rbc8
33. Rce1 Re8 34. b6 Rc5 35. d6 exd6 36. Rxe8+ Nxe8 37. Bxb7 Nf6 38. Ba6 Nd7
39. b7 Nb8 40. Be2 Re5 41. Kf1 Ke7 42. f4 Re4 43. Rc1 Rb4 44. Bf3 Ke6 45.
Rc8 Nd7 46. Bc6 Rb1+ 47. Kg2 Rb2+ 48. Kh3 {Black resigns} 1-0

[Event "ICC tourney 1983 (45 10)"]
[Site "Internet Chess Club"]
[Date "2020.08.29"]
[Round "5"]
[White "che8642"]
[Black "omegablitz"]
[Result "1-0"]
[ICCResult "Black resigns"]
[WhiteElo "1487"]
[BlackElo "1697"]
[Opening "Queen's pawn: Chigorin variation"]
[ECO "D00"]
[NIC "QP.08"]
[Time "21:01:52"]
[TimeControl "2700+10"]

1. d4 d5 2. Nc3 Nf6 3. Bf4 e6 4. a3 c6 5. e3 Be7 6. Nf3 O-O 7. Bd3 b6 8. O-O
Bb7 9. e4 dxe4 10. Nxe4 c5 11. Nxf6+ Bxf6 12. dxc5 bxc5 13. c3 Nc6 14. Qc2
g6 15. Rad1 Qb6 16. h4 Rfe8 17. Rfe1 Rac8 18. h5 Bg7 19. hxg6 hxg6 20. Bxg6
fxg6 21. Qxg6 Ne7 22. Qg3 Nd5 23. Bh6 Qc7 24. Qg4 Qf7 25. Ng5 Qg6 26. Bxg7
Qxg7 27. Rxe6 Nf6 28. Rxf6 Qxf6 29. Ne4+ Qg7 30. Nf6+ Kf8 31. Qxg7+ Kxg7 32.
Nxe8+ Kg6 33. Nd6 Rd8 34. Rd3 Ba6 35. Rg3+ Kf6 36. Ne4+ Ke5 37. Nxc5 Bb5 38.
Nb7 Rd1+ 39. Kh2 Kf4 40. Rf3+ Kg4 41. Nc5 Rd2 42. Rg3+ Kf4 43. Ne6+ Ke5 44.
Rg5+ Kxe6 45. Rxb5 Rxf2 46. Kg3 Rf7 47. Kg4 Rg7+ 48. Rg5 Rf7 49. Kg3 Rb7 50.
b4 Rc7 51. Rc5 Rg7+ 52. Kf3 Rf7+ 53. Ke4 Rf2 54. g4 Rd2 55. g5 Re2+ 56. Kf3
Ra2 57. Ra5 Rc2 58. Rxa7 Rxc3+ 59. Kg4 {Black resigns} 1-0

[Event "ICC tourney 1983 (45 10)"]
[Site "Internet Chess Club"]
[Date "2020.08.29"]
[Round "5"]
[White "Zwish"]
[Black "chessfirelord"]
[Result "0-1"]
[ICCResult "White resigns"]
[WhiteElo "1906"]
[BlackElo "1495"]
[Opening "Anderssen's opening"]
[ECO "A00"]
[NIC "VO.14"]
[Time "21:02:28"]
[TimeControl "2700+10"]

1. a3 d5 2. Nf3 Nf6 3. c4 dxc4 4. e3 Nc6 5. Bxc4 e5 6. Ng5 Be6 7. Nxe6 fxe6
8. Bxe6 Qd6 9. Qb3 Nd8 10. Bh3 Be7 11. O-O Rb8 12. Nc3 Nf7 13. Nb5 Qb6 14.
f4 exf4 15. Rxf4 a6 16. Nd4 Qxb3 17. Nxb3 O-O 18. Nd4 Ng5 19. Bf5 c5 20. Ne6
Nxe6 21. Bxe6+ Kh8 22. b3 Bd6 23. Rf1 Be5 24. Rb1 Rfe8 25. Bf5 Rbd8 26. b4
c4 27. Rf2 g6 28. Bc2 Ng4 29. Re2 Nxh2 30. b5 a5 31. g3 Ng4 32. Kg2 Rf8 33.
b6 Rd7 34. Rb5 Rdf7 35. Kh3 Rf3 36. Kxg4 Rxg3+ 37. Kh4 Rff3 38. Rh2 Bf6+
{White resigns}
0-1

[Event "ICC tourney 1983 (45 10)"]
[Site "Internet Chess Club"]
[Date "2020.08.29"]
[Round "5"]
[White "swegderp"]
[Black "vishalanil"]
[Result "1-0"]
[ICCResult "Black resigns"]
[WhiteElo "1683"]
[BlackElo "1791"]
[Opening "QGD: 3...Nf6"]
[ECO "D35"]
[NIC "QO.16"]
[Time "21:01:39"]
[TimeControl "2700+10"]

1. d4 Nf6 2. c4 e6 3. Nc3 d5 4. e3 Be7 5. Nf3 Nbd7 6. Bd3 b6 7. O-O Bb7 8.
b3 O-O 9. Bb2 dxc4 10. bxc4 c5 11. Qe2 Qc8 12. Ne5 cxd4 13. exd4 Rd8 14.
Rfd1 Nxe5 15. dxe5 Nd7 16. Be4 Bxe4 17. Nxe4 Nc5 18. Nxc5 Bxc5 19. Rxd8+
Qxd8 20. Rd1 Qe7 21. g3 h6 22. Qd2 Qb7 23. Qe2 Qa6 24. Bd4 Rd8 25. Bxc5
Rxd1+ 26. Qxd1 bxc5 27. Qd8+ Kh7 28. Qd3+ g6 29. Qb3 Qc6 30. Qa3 Qb6 31. Qb3
Qa5 32. f4 Qe1+ 33. Kg2 Qe2+ 34. Kg1 Qe1+ 35. Kg2 Qe4+ 36. Kg1 g5 37. fxg5
hxg5 38. Qa4 Kg6 39. Qxa7 Qxc4 40. a4 Qd4+ 41. Kg2 Qe4+ 42. Kg1 Qxe5 43. a5
Qd4+ 44. Kg2 Qe4+ 45. Kg1 Qe3+ 46. Kg2 e5 47. Qb6+ f6 48. a6 e4 49. Qc6 Qe2+
50. Kg1 e3 51. Qe4+ Kh5 52. Qh7+ Kg4 53. Qe4+ Kh3 54. Qf5+ {Black resigns}
1-0

[Event "ICC tourney 1983 (45 10)"]
[Site "Internet Chess Club"]
[Date "2020.08.29"]
[Round "5"]
[White "fhunfi"]
[Black "Almanac2050"]
[Result "1-0"]
[ICCResult "Black resigns"]
[WhiteElo "1748"]
[BlackElo "1593"]
[Opening "French: Steinitz variation"]
[ECO "C11"]
[NIC "FR.04"]
[Time "21:01:39"]
[TimeControl "2700+10"]

1. e4 e6 2. d4 d5 3. Nc3 Nf6 4. e5 Nfd7 5. Nce2 c5 6. f4 Nc6 7. Nf3 cxd4 8.
Nexd4 Bc5 9. c3 O-O 10. Bd3 g6 11. Be3 Qe7 12. Qd2 f6 13. exf6 Qxf6 14. O-O
e5 15. fxe5 Ndxe5 16. Nxc6 Bxe3+ 17. Qxe3 Nxf3+ 18. Rxf3 Qxc6 19. Rxf8+ Kxf8
20. Rf1+ Kg8 21. Qd4 Qb6 22. Qxb6 axb6 23. a3 Bd7 24. Rf4 Ra4 25. Rxa4 Bxa4
26. Kf2 Kf7 27. Ke3 Ke6 28. Kd4 Be8 29. b3 h6 30. Be2 Kd6 31. Bf3 Bc6 32. h4
g5 33. hxg5 hxg5 34. a4 Ke6 35. b4 Bxa4 36. Bxd5+ Kf5 37. Bxb7 Kf4 38. c4
Kg3 39. c5 bxc5+ 40. bxc5 Be8 41. Ke5 g4 42. Kd6 Bg6 43. Bd5 {Black resigns}
1-0

[Event "ICC tourney 1983 (45 10)"]
[Site "Internet Chess Club"]
[Date "2020.08.29"]
[Round "5"]
[White "orwind"]
[Black "fascimate"]
[Result "1-0"]
[ICCResult "Black resigns"]
[WhiteElo "1314"]
[BlackElo "1659"]
[Opening "Sicilian: Najdorf"]
[ECO "B90"]
[NIC "SI.14"]
[Time "21:01:35"]
[TimeControl "2700+10"]

1. e4 c5 2. Nf3 d6 3. d4 cxd4 4. Nxd4 Nf6 5. Nc3 a6 6. Bd3 e6 7. Bg5 Nbd7 8.
O-O Be7 9. Nf3 h6 10. Bh4 e5 11. Re1 O-O 12. Bc4 b5 13. Bb3 Bb7 14. Bxf6
Nxf6 15. Nd5 Rc8 16. c3 Nxd5 17. Bxd5 Qb6 18. Bxb7 Qxb7 19. Qb3 Kh8 20. Rad1
f5 21. exf5 Rxf5 22. Qd5 Qa7 23. Qe4 Rcf8 24. Qe3 Qb7 25. Qe4 Qc8 26. Qe3
Qb8 27. h3 Bd8 28. Qd3 Be7 29. Qe3 g5 30. Rd3 Rf4 31. Rdd1 Bd8 32. Qd3 R8f6
33. Re4 Bb6 34. Rxf4 gxf4 35. Qe4 Qa7 36. Rd2 Kg7 37. Qc6 Re6 38. Rxd6 Bxf2+
39. Kh1 Rxd6 40. Qxd6 e4 41. Qe5+ Kg8 42. Qe8+ Kg7 43. Qe5+ Kg8 44. Qxe4 Bg3
45. Qg6+ Kf8 46. Qxh6+ Ke8 47. Qh8+ Kf7 48. Qh7+ {Black resigns} 1-0

[Event "ICC tourney 1983 (45 10)"]
[Site "Internet Chess Club"]
[Date "2020.08.29"]
[Round "5"]
[White "Ben1927829"]
[Black "HarleyQueen8"]
[Result "1/2-1/2"]
[ICCResult "Game drawn by mutual agreement"]
[WhiteElo "1889"]
[BlackElo "1735"]
[Opening "Sicilian: Sozin, Leonhardt variation"]
[ECO "B88"]
[NIC "SI.26"]
[Time "21:01:44"]
[TimeControl "2700+10"]

1. e4 c5 2. Nf3 d6 3. d4 cxd4 4. Nxd4 Nf6 5. Nc3 Nc6 6. Bc4 e6 7. Bb3 Be7 8.
Be3 a6 9. Qe2 Bd7 10. O-O-O O-O 11. g4 Nxd4 12. Bxd4 Bc6 13. g5 Nd7 14. f4
b5 15. Rhg1 b4 16. Nb1 a5 17. h4 d5 18. exd5 exd5 19. f5 a4 20. Bxd5 Bxd5
21. Bxg7 Bxa2 22. Bxf8 Bxf8 23. g6 Bh6+ 24. Nd2 fxg6 25. fxg6 Bg7 26. gxh7+
Kh8 27. Qg4 Qf6 28. Nc4 Bxc4 29. Qxg7+ Qxg7 30. Rxg7 Kxg7 31. Rxd7+ Kh6 32.
Ra7 Rb8 33. Rb7 Rh8 34. Rxb4 Bf7 35. Rxa4 Rxh7 36. Kd2 Kh5 37. c3 Rg7 38.
Ke3 Rg3+ 39. Kf2 Rh3 40. Kg2 {Game drawn by mutual agreement} 1/2-1/2

[Event "ICC tourney 1983 (45 10)"]
[Site "Internet Chess Club"]
[Date "2020.08.29"]
[Round "5"]
[White "OctopusYule"]
[Black "chessboy2020"]
[Result "0-1"]
[ICCResult "White resigns"]
[WhiteElo "1790"]
[BlackElo "1557"]
[Opening "Ruy Lopez: Marshall, main line, 14...Qh3"]
[ECO "C89"]
[NIC "RL.17"]
[Time "21:01:46"]
[TimeControl "2700+10"]

1. e4 e5 2. Nf3 Nc6 3. Bb5 a6 4. Ba4 Nf6 5. O-O Be7 6. Re1 b5 7. Bb3 O-O 8.
c3 d5 9. exd5 Nxd5 10. Nxe5 Nxe5 11. Rxe5 c6 12. d4 Bd6 13. Re1 Qh4 14. g3
Qh3 15. Be3 Bg4 16. Qd3 Rae8 17. Nd2 Re6 18. Bxd5 cxd5 19. Qf1 Qh5 20. a4 f5
21. f4 Rfe8 22. Bf2 Re2 23. Rxe2 Rxe2 24. Qg2 Qf7 25. Nf3 Rxb2 26. Ng5 Qb7
27. Re1 bxa4 28. Qf1 Bh5 29. Qd3 Bg6 30. Qe3 Qd7 31. Qf3 Bf8 32. Re5 a3 33.
Rxd5 Qc7 34. Rxf5 Qc4 35. Re5 a2 36. Re1 Rb1 {White resigns} 0-1

[Event "ICC tourney 1983 (45 10)"]
[Site "Internet Chess Club"]
[Date "2020.08.29"]
[Round "5"]
[White "SparkyNinja"]
[Black "sanjayselvam"]
[Result "0-1"]
[ICCResult "White forfeits on time"]
[WhiteElo "1356"]
[BlackElo "1937"]
[Opening "Alekhine's defense: exchange variation"]
[ECO "B02"]
[NIC "AL.08"]
[Time "21:01:38"]
[TimeControl "2700+10"]

1. e4 Nf6 2. e5 Nd5 3. c4 Nb6 4. d4 d6 5. exd6 cxd6 6. Nf3 g6 7. Be2 Bg7 8.
Be3 O-O 9. O-O Nc6 10. Qd2 Bg4 11. Na3 Rc8 12. Rac1 d5 13. c5 Nd7 14. h3
Bxf3 15. Bxf3 e5 16. dxe5 d4 17. Bxc6 dxe3 18. Qxd7 exf2+ 19. Rxf2 bxc6 20.
Qd6 Qg5 21. Qd1 Bxe5 22. Nc4 Rcd8 23. Nd6 Bf4 24. Rxf4 Qxf4 25. Qf1 Qe3+ 26.
Kh1 Rb8 27. Rc3 Qe5 28. Rf3 Qd5 29. b3 Rbd8 30. Qa1 Qxc5 31. Nb7 Qd4 32.
Qxd4 Rxd4 33. Rc3 Rd1+ 34. Kh2 Rd2 35. a3 Re8 36. Rxc6 Ree2
{White forfeits on time}
0-1

[Event "ICC tourney 1983 (45 10)"]
[Site "Internet Chess Club"]
[Date "2020.08.29"]
[Round "5"]
[White "Torsten936"]
[Black "WR3311"]
[Result "0-1"]
[ICCResult "White checkmated"]
[WhiteElo "1716"]
[BlackElo "1837"]
[Opening "Queen's Indian: Rubinstein variation"]
[ECO "E15"]
[NIC "QI.06"]
[Time "21:01:33"]
[TimeControl "2700+10"]

1. d4 Nf6 2. Nf3 e6 3. g3 b6 4. Bg2 Bb7 5. c4 c5 6. d5 exd5 7. Nh4 g6 8. Nc3
Bg7 9. O-O O-O 10. cxd5 d6 11. Bf4 Nh5 12. Bd2 Nd7 13. f4 f5 14. Qc2 Qe7 15.
e4 fxe4 16. Bxe4 Nhf6 17. Bf3 Qf7 18. f5 Ne5 19. Bg2 Ba6 20. Bg5 Bd3 21.
fxg6 hxg6 22. Qd2 Bxf1 23. Rxf1 Qd7 24. Bf4 Nh5 25. Bxe5 Bxe5 26. Rxf8+ Rxf8
27. Nxg6 Bd4+ 28. Kh1 Re8 29. Ne4 Nf6 30. Qf4 Nxe4 31. Bxe4 Qf7 32. Bf5 Re1+
33. Kg2 Qxd5+ 34. Kh3 Qf7 35. Qg5 Qf6 36. Qg4 Qg7 37. Be6+ Kh7 38. Bf5 Qh6+
39. Kg2 Rg1+ 40. Kf3 Qe3# {White checkmated} 0-1

[Event "ICC tourney 1983 (45 10)"]
[Site "Internet Chess Club"]
[Date "2020.08.29"]
[Round "5"]
[White "kavyameiyappan"]
[Black "Samuel-Colt"]
[Result "0-1"]
[ICCResult "White resigns"]
[WhiteElo "1654"]
[BlackElo "1785"]
[Opening "French: Tarrasch"]
[ECO "C03"]
[NIC "FR.14"]
[Time "21:01:35"]
[TimeControl "2700+10"]

1. e4 e6 2. d4 d5 3. Nd2 Be7 4. c3 Nf6 5. e5 Nfd7 6. f3 c5 7. f4 cxd4 8.
cxd4 f6 9. Ngf3 fxe5 10. fxe5 O-O 11. Be2 Nc6 12. O-O Qb6 13. Nb3 Ndxe5 14.
Kh1 Nxf3 15. Bxf3 Qd8 16. Be3 Bd6 17. Bf2 Ne7 18. Qe2 Nf5 19. Bg4 Qg5 20.
Bxf5 Rxf5 21. Qd3 Bd7 22. Rad1 Raf8 23. Bg1 b6 24. Rxf5 Qxf5 25. Qxf5 exf5
26. Re1 Re8 27. Rxe8+ Bxe8 28. Nd2 Bh5 29. Bf2 Kf7 30. g3 f4 31. Kg2 Ke6 32.
gxf4 Bxf4 33. Nf1 Bg6 34. Ng3 Be4+ 35. Kf1 g6 36. Ke2 Bb1 37. a4 Bc1 38. b4
Ba3 39. a5 Bxb4 40. axb6 axb6 41. Be1 Bd6 42. Ke3 Bxg3 43. hxg3 Kf5 44. Kf3
Be4+ 45. Ke3 Kg4 46. Kf2 h5 47. Ke3 g5 48. Bf2 h4 49. gxh4 gxh4 50. Ke2 h3
51. Bg1 Kg3 52. Kf1 h2 53. Bxh2+ Kxh2 54. Ke1 Kg3 55. Kd2 Kf3 56. Kc3 Ke3
57. Kb4 Kxd4 58. Kb5 Kc3 59. Kxb6 d4 60. Kc5 d3 61. Kb5 d2 62. Kc5 d1=Q 63.
Kb5 {White resigns} 0-1

[Event "ICC tourney 1983 (45 10)"]
[Site "Internet Chess Club"]
[Date "2020.08.29"]
[Round "5"]
[White "MysteryHunter"]
[Black "gardemarin13"]
[Result "1-0"]
[ICCResult "Black resigns"]
[WhiteElo "1716"]
[BlackElo "1880"]
[Opening "Sicilian: accelerated fianchetto, modern variation with Bc4"]
[ECO "B35"]
[NIC "SI.33"]
[Time "21:01:39"]
[TimeControl "2700+10"]

1. e4 c5 2. Nf3 g6 3. d4 cxd4 4. Nxd4 Nc6 5. Nc3 Bg7 6. Be3 Nf6 7. Bc4 O-O
8. Bb3 a5 9. a3 Ng4 10. Qxg4 Nxd4 11. Bxd4 Bxd4 12. Qf3 d6 13. O-O Be6 14.
Bd5 Qb6 15. Rab1 a4 16. Qd3 Rfc8 17. Nb5 Bxd5 18. exd5 Bf6 19. c4 Rc5 20.
Rfc1 Rac8 21. Rc2 Be5 22. g3 e6 23. dxe6 fxe6 24. Re1 Qc6 25. Na7 Qb6 26.
Nxc8 Rxc8 27. Qe2 Rf8 28. Kg2 Qc6+ 29. Qe4 Qb6 30. f4 Bd4 31. Qxe6+ Kg7 32.
Qd5 Rf7 33. Rd1 Bc5 34. Re2 Qb3 35. Rde1 b5 36. Re7 Qxb2+ 37. R1e2 Qf6 38.
Rxf7+ Qxf7 39. Qxf7+ Kxf7 40. cxb5 Bxa3 41. Ra2 Bc5 42. Rxa4 Ke6 43. Ra1 d5
44. Rc1 Kd6 45. Kf3 d4 46. Ke4 h6 47. Rd1 {Black resigns} 1-0

[Event "ICC tourney 1983 (45 10)"]
[Site "Internet Chess Club"]
[Date "2020.08.29"]
[Round "5"]
[White "imranchamp"]
[Black "DLWarrior"]
[Result "0-1"]
[ICCResult "White checkmated"]
[WhiteElo "1681"]
[BlackElo "1894"]
[Opening "French: Steinitz, Boleslavsky variation"]
[ECO "C11"]
[NIC "FR.04"]
[Time "21:01:39"]
[TimeControl "2700+10"]

1. e4 e6 2. d4 d5 3. Nc3 Nf6 4. e5 Nfd7 5. f4 c5 6. Nf3 Nc6 7. Be3 Be7 8. g3
O-O 9. Bg2 b6 10. O-O Bb7 11. Ne2 cxd4 12. Nexd4 Nc5 13. Nxc6 Bxc6 14. Nd4
Bb7 15. Qg4 Qc7 16. Rae1 Ne4 17. Bxe4 dxe4 18. f5 Qxe5 19. fxe6 fxe6 20.
Qxe6+ Qxe6 21. Nxe6 Rf6 22. Rxf6 Bxf6 23. c3 Kf7 24. Nd4 Rd8 25. Rf1 Rd5 26.
g4 h6 27. Nf5 Rd3 28. Bf4 Ke6 29. Ng3 g5 30. Bb8 Rd2 31. Re1 Rxb2 32. Nxe4
Bxe4 33. Rxe4+ Kd5 34. Ra4 a5 35. c4+ Ke4 36. Bg3 Bd4+ 37. Kf1 Kf3 38. Be1
Rxh2 39. Ra3+ Be3 40. Rxe3+ Kxe3 41. Bf2+ Rxf2+ 42. Kg1 Rxa2 43. c5 bxc5 44.
Kh1 c4 45. Kg1 c3 46. Kf1 c2 47. Kg2 c1=Q+ 48. Kg3 Qg1+ 49. Kh3 Qh2#
{White checkmated}
0-1

[Event "ICC tourney 1983 (45 10)"]
[Site "Internet Chess Club"]
[Date "2020.08.29"]
[Round "5"]
[White "TigerSahi"]
[Black "rkanury1"]
[Result "1-0"]
[ICCResult "Black resigns"]
[WhiteElo "1661"]
[BlackElo "1714"]
[Opening "QGD: exchange, positional line"]
[ECO "D35"]
[NIC "QO.16"]
[Time "21:01:36"]
[TimeControl "2700+10"]

1. d4 d5 2. c4 e6 3. Nc3 Nf6 4. cxd5 exd5 5. Bg5 Be7 6. e3 O-O 7. Bd3 Nbd7
8. Nf3 c6 9. Qc2 Re8 10. O-O Nf8 11. Rfc1 Ng6 12. Rab1 Be6 13. b4 a6 14. Na4
Nd7 15. Bxe7 Qxe7 16. Nc5 Nxc5 17. bxc5 Qc7 18. Rb3 Rab8 19. Rcb1 a5 20. Qb2
Re7 21. Nd2 Bc8 22. Rb6 Nf8 23. Qa3 Nd7 24. R6b2 Re8 25. Bf5 g6 26. Bxd7
Bxd7 27. Rb6 Bf5 28. R1b2 h5 29. Qxa5 Bd3 30. Qb4 Ba6 31. Nb3 Ra8 32. Na5
Ra7 33. Nxb7 Rea8 34. Nd6 Kg7 35. Rb8 Bd3 36. Ne8+ {Black resigns} 1-0